 Dungeon Crawl Stone Soup version 0.31.0-32-g396128a36d (webtiles) character file.

Game seed: 3566040831813829255

31 Killerpretzel the Changeling (level 3, -3/23 HPs)
             Began as an Octopode Shapeshifter on Mar 8, 2024.
             Slain by an orc wizard
             ... wielding a +0 dagger
              (4 damage)
             ... on level 2 of the Dungeon.
             The game lasted 00:00:41 (1133 turns).

Killerpretzel the Changeling (OpSh)                 Turns: 1133, Time: 00:00:41

Health: -3/23      AC:  1    Str: 13    XL:     3   Next: 22%
Magic:  3/3        EV: 13    Int: 12    God:
Gold:   47         SH:  0    Dex: 13    Spells: 2/2 levels left

rFire   . .          .
                       - Unarmed
rCold   . . .        (no shield)
rNeg    . . .        (helmet currently unavailable)
rPois   .            (no amulet)
rElec   .            (no ring)
rCorr   .            (no ring)
SInv    .            (no ring)
Will    .....        (no ring)
Stlth   ++           (no ring)
HPRegen 0.23/turn    (no ring)
MPRegen 0.08/turn    (no ring)
                     (no ring)

%: no passive effects
@: confused, beast-form
A: beast (slay +1), almost no armour, amphibious, 8 rings, camouflage 1,
gelatinous body 1, (nimble swimmer 1), tentacles
a: Begin Untransformation


You were on level 2 of the Dungeon.
You were a hulking beast.
You visited 1 branch of the dungeon, and saw 2 of its levels.

You collected 47 gold pieces.

Inventory:

Talismans
 b - a beast talisman
 c - a flux talisman
Scrolls
 j - a scroll of summoning
Potions
 a - a potion of lignification
 d - a potion of attraction {unknown}
 e - 2 potions of resistance
 f - a potion of haste {unknown}
 h - a potion of mutation {unknown}
 i - a potion of heal wounds {unknown}
 k - a potion of enlightenment {unknown}


   Skills:
 + Level 1.5 Fighting
 + Level 2.3 Dodging
 + Level 3.2 Unarmed Combat
 * Level 3.4 Shapeshifting


You had 2 spell levels left.
You didn't know any spells.
Your spell library was empty.

Dungeon Overview and Level Annotations

Branches:
Dungeon (2/15)

Altars:


Innate Abilities, Weirdness & Mutations

You are a hulking beast.
Your limbs bulge with bestial killing power. (Slay +1)
You cannot wear most types of armour.
You are amphibious.
You can wear up to eight rings at the same time.
Your skin changes colour to match your surroundings (Stealth+).
Your rubbery body absorbs attacks. (AC +1, EV +1)
((You are camouflaged when in or above water. (Stealth+)))
You have tentacles for arms and can constrict up to eight enemies at once.


Message History

You lose your grip on the orc wizard.
You barely miss the orc. Your grab misses the orc. Your squeeze misses the orc.
You barely miss the orc. You grab the orc.
You constrict the orc, but do no damage.
The orc hits you with a +0 hand axe!
You tentacle-slap the orc.
The orc is heavily wounded.
You constrict the orc. The orc barely misses you.
The orc wizard hits you with a +0 dagger.
The orc wizard points at you and mumbles some strange words.
You are confused.
You closely miss the orc wizard.
The orc wizard is heavily wounded.
You constrict the orc, but do no damage.
The orc hits you with a +0 hand axe.
* * * LOW HITPOINT WARNING * * *
The orc wizard hits you with a +0 dagger.
* * * LOW HITPOINT WARNING * * *
You bump into the rock wall.
You constrict the orc, but do no damage.
The orc barely misses you. The orc wizard barely misses you.
The orc wizard closely misses you.
You tentacle-slap the orc wizard but do no damage.
The orc wizard is heavily wounded.
You constrict the orc, but do no damage.
The orc completely misses you.
The orc wizard points at you and mumbles some strange words.
You are more confused.
The orc wizard hits you with a +0 dagger.
* * * LOW HITPOINT WARNING * * *
You miss the orc wizard.
The orc wizard is heavily wounded.
You constrict the orc. The orc closely misses you.
The orc wizard barely misses you.
The orc wizard hits you with a +0 dagger.
* * * LOW HITPOINT WARNING * * *
You bump into the rock wall.
You constrict the orc.
You kill the orc!
The orc wizard hits you with a +0 dagger.
You die...

########### ###########
........... ..#........
....# #.#........
###.#### #.#........
.......# #.#........
###..#.# #.#o)......
###....#######.#ho......
........................
###.##.#######.#........
.....#..#### #.#........
######.....###.###......
.......###...........###
#...#..# #...........#
#...#..# #...........#
#...#..# #.....####.##


You could see 2 orc wizards.

Vanquished Creatures
  A dart slug (D:1)
  A ribbon worm (D:2)
  An orc (D:2)
  5 bats (D:1)
  3 endoplasms
  3 goblins (D:1)
  2 hobgoblins (D:1)
  3 kobolds (D:1)
  A quokka (D:1)
  3 ball pythons
  A frilled lizard (D:1)
  3 rats
27 creatures vanquished.

Notes
Turn   | Place    | Note
-------+----------+-------------------------------------------
     0 | D:1      | Killerpretzel the Octopode Shapeshifter began the quest for
                  | the Orb.
     0 | D:1      | Reached XP level 1. HP: 13/13 MP: 1/1
   211 | D:1      | Reached XP level 2. HP: 18/18 MP: 2/2
   708 | D:1      | Reached XP level 3. HP: 23/23 MP: 3/3
  1132 | D:2      | HP: 1/23 [orc wizard/+0 dagger (2)]
  1133 | D:2      | Slain by an orc wizard

Illustrated notes

Levels and vault maps discovered:
D:1:      ncdulo_wetmaze, layout_loops_ring
D:2:      layout_basic, chequers_serial_rivers_marsh

Action                     || total
---------------------------++-------
  Melee: Unarmed           ||    52
         Constrict         ||    11
         Tentacles         ||     9
         Punch             ||     2
  Throw: Stone             ||    26
    Use: Scroll            ||     6
   Stab: Sleeping          ||     2
 Armour: Skin              ||    24
  Dodge: Dodged            ||    26
